 Dungeon Sprint DCSS version 0.30-a0-177-g1cb5dbfd7a (webtiles) character file.

Game seed: 14431399260209919211

105 hellse the Ruffian (level 4, -1/52 HPs)
             Began as a Troll Fighter on Oct 2, 2022.
             Slain by a water elemental (15 damage)
             ... in the Dungeon (Sprint III: "The Ten Rune Challenge").
             The game lasted 00:00:23 (81 turns).

hellse the Ruffian (Troll Fighter)                    Turns: 81, Time: 00:00:23

Health: -1/52      AC:  4    Str: 26    XL:     4   Next: 53%
Magic:  3/3        EV:  8    Int:  4    God:
Gold:   21         SH:  7    Dex:  9    Spells: 3/3 levels left

rFire   . . .      SeeInvis .      - Unarmed
rCold   . . .      Faith    .    b - +0 kite shield
rNeg    . . .      Spirit   .    a - +0 robe
rPois   .          Reflect  .    (helmet restricted)
rElec   .          Harm     .    (no cloak)
rCorr   .          Rampage  .    (gloves unavailable)
Will    .....      NoTele   +    (boots unavailable)
Stlth   +.........               (no amulet)
HPRegen 1.08/turn                (no ring)
MPRegen 0.08/turn                (no ring)

@: engulfed (cannot breathe)
A: large, unfitting armour, claws 3, regeneration 1, shaggy fur 1, tough skin 1
a: no special abilities


You were in the Dungeon.
You visited 1 branch You collected 21 gold pieces.

Inventory:

Armour
 a - a +0 robe (worn)
 b - a +0 kite shield (worn)
Wands
 j - a wand of flame (23)
Scrolls
 i - a scroll of blinking
 k - a scroll of immolation {unknown}
 l - 2 scrolls of identify {unknown}
 n - a scroll of poison {unknown}
Potions
 c - a potion of might
 d - 2 potions of curing
 e - a potion of heal wounds
 f - a potion of haste
 g - 2 potions of magic
 h - a potion of berserk rage
 m - 2 potions of flight {unknown}
 o - 5 potions of mutation


   Skills:
 + Level 5.9 Fighting
 - Level 2.4 Dodging
 - Level 2.6 Shields
 + Level 6.7 Unarmed Combat


You had 3 spell levels left.
You didn't know any spells.
Your spell library was empty.

Dungeon Overview and Level Annotations

Branches:
Dungeon (1/1)

Altars:


Innate Abilities, Weirdness & Mutations

You are too large for most types of armour.
You have claws for hands.
Your natural rate of healing is unusually fast.
You are covered in fur. (AC +1)
You have tough skin. (AC +1)


Message History

You feel sick.
You feel sick.
You feel sick.
You open the door.
You feel sick.
You are no longer poisoned.
Found 6 gold pieces and a fuming silvery potion.
Found 15 gold pieces and a potion of mutation.
There is an open door here.
You now have 6 gold pieces.
k - a scroll labelled MIMMUP JURPH;
l - a scroll labelled PENOEP FAEMAO
m - a viscous clear potion
Things that are here:
a potion of mutation; a potion of mutation
n - a scroll labelled NEG POQAWYV
l - 2 scrolls labelled PENOEP FAEMAO (gained 1)
m - 2 viscous clear potions (gained 1)
Things that are here:
a potion of mutation; 2 potions of mutation
o - a potion of mutation;
o - 3 potions of mutation (gained 2)
o - 4 potions of mutation (gained 1);
o - 5 potions of mutation (gained 1)
You now have 21 gold pieces (gained 15).
There is an open door here.
You enter the shallow water.
Moving in this stuff is going to be slow.
You open the door.
A water elemental comes into view.
You claw the water elemental!
The water elemental is heavily damaged.
The water elemental hits you!
The water elemental engulfs you in water!
You scratch the water elemental.
The water elemental is severely damaged.
Your lungs strain for air!
The water elemental hits you!
You claw the water elemental!
The water elemental is almost destroyed.
* * * LOW HITPOINT WARNING * * *
Your lungs strain for air!
The water elemental closely misses you. The water elemental hits you!
You die...

▓▓▓▓▓▓▓▓▓▓▓▓ ▓▓▓
<.#..'...♣.♣♣ ♣.#
..#..#......♣ ♣.#
#'####......♣ ♣♣.#
.....#....~♣♣ ..# #+#+#
.....#...~~♣♣ ♣♣.#......
....)#..†~~~♣♣♣.@E.⌠....
####'#..~≈≈~~~♣♣.#...###
[..)†#.~~≈~~~....# ⌠.#
.....#.~≈~~~.....# .#
.....#.~~~.......# #
'#####...........#
...........†.....#
▓▓▓▓▓▓▓▓▓▓▓▓▓▓▓▓▓▓


You could see a water elemental.

Vanquished Creatures
  A scorpion (D)
  Jessica (D)
  A human (D)
  An endoplasm (D)
  2 rats (D)
6 creatures vanquished.

Notes
Turn   | Place    | Note
-------+----------+-------------------------------------------
     0 | D        | hellse the Troll Fighter began the quest for the Orb.
     0 | D        | Reached XP level 1. HP: 22/22 MP: 0/0
     9 | D        | Noticed Jessica
    13 | D        | Killed Jessica
    14 | D        | Reached skill level 4 in Unarmed Combat
    14 | D        | Reached XP level 2. HP: 26/32 MP: 1/1
    14 | D        | Reached XP level 3. HP: 32/39 MP: 2/2
    35 | D        | Reached skill level 5 in Unarmed Combat
    38 | D        | Noticed a scorpion
    45 | D        | Killed a scorpion
    46 | D        | Reached skill level 5 in Fighting
    46 | D        | Reached skill level 6 in Unarmed Combat
    46 | D        | Reached XP level 4. HP: 43/52 MP: 3/3
    77 | D        | Noticed a water elemental
    81 | D        | Slain by a water elemental

Illustrated notes

Levels and vault maps discovered:
D:        dungeon_sprint_mu [sprint_mu_entry_forest, sprint_mu_temple_rooms,
          sprint_mu_d1_horrors, sprint_mu_d2_genie, sprint_mu_d3_branching,
          sprint_mu_orc_legion, sprint_mu_elf_gauntlet, sprint_mu_hive_nellie,
          sprint_mu_lair_fedhas, sprint_mu_vaults_butterflies,
          sprint_mu_slime_circle, sprint_mu_shoals_kraken,
          sprint_mu_snake_twists, sprint_mu_blade_basic,
          sprint_mu_crypt_chambers, sprint_mu_tomb_spiral,
          sprint_mu_vestibule_basic, sprint_mu_gehenna_hellfire,
          sprint_mu_dis_giant, sprint_mu_tartarus_statrot,
          sprint_mu_cocytus_islands, sprint_mu_zot1]

Skill      XL: |  1  2  3 |
---------------+----------+-----
Fighting       | 4 5 |  5.9
Unarmed Combat | 4 6 |  6.7
Dodging        | |  2.4
Shields        | |  2.6

Action                   |  1- 3 |  4- 6 || total
-------------------------+-------+-------++-------
Melee: Unarmed           |    15 |     3 ||    18
Armor: Robe              |     1 |       ||     1
Dodge: Dodged            |     2 |     1 ||     3
Block: Kite shield       |     2 |       ||     2

Table legend: (Time is in decaauts)
 A = Elapsed time spent in this place.
 B = Non-inter-level travel time spent in this place.
 C = Inter-level travel time spent in this place.
 D = Time resting spent in this place.
 E = Time spent auto-exploring this place.
 F = Levels seen in this place.
 G = Mean time per level.
                   A        B        C        D        E       F      G
               +--------+--------+--------+--------+--------+-----+--------+
         Total |     88 |     88 |      0 |      0 |      0 |   1 |   88.0 |
       Dungeon |     88 |     88 |      0 |      0 |      0 |   1 |   88.0 |
               +--------+--------+--------+--------+--------+-----+--------+

Top non-repeatable levels by time:
       D: 88 daAuts
